 Dungeon Crawl Stone Soup version 0.30-a0-591-g3c58d2bc28 (webtiles) character file.

Game seed: 4251560878451265459

182 kae the Changer (level 5, 0/38 (40) HPs)
             Began as a Draconian Transmuter on Jan 5, 2023.
             Succumbed to an adder's poison
             ... on level 4 of the Dungeon.
             The game lasted 00:04:34 (2682 turns).

kae the Changer (Draconian Transmuter)              Turns: 2682, Time: 00:04:34

HP:   0/38 (40)     AC:  2    Str: 12    XL:     5   Next: 34%
MP:   17/18         EV: 19    Int: 16    God:
Gold: 134           SH:  0    Dex: 16    Spells: 4/10 levels left

rFire   . . .      SeeInvis .      - Unarmed
rCold   . . .      Faith    .    (shield currently unavailable)
rNeg    . . .      Spirit   .    (body armour unavailable)
rPois   x          Reflect  .    (helmet currently unavailable)
rElec   .          Harm     .    (cloak currently unavailable)
rCorr   +          Rampage  .    (gloves currently unavailable)
Will    .....                    (boots currently unavailable)
Stlth   +                        (no amulet)
HPRegen 0.26/turn                W - ring of magical power
MPRegen 0.16/turn                R - ring of resist corrosion

@: lethally poisoned (0 -> -12), spider-form (expiring), drained
A: venomous fangs, AC +5, tiny, unfitting armour, (cold-blooded)
a: End Transformation


You were on level 4 of the Dungeon.
You were a venomous arachnid creature.
You visited 1 branch of the dungeon, and saw 4 of its levels.

You collected 134 gold pieces.


Innate Abilities, Weirdness & Mutations

You are a venomous arachnid creature.
You have poisonous fangs.
You are tiny and dextrous.
Your spellcasting is less reliable in this form.
Your armour is entirely melded.
You are incapable of wielding weapons or throwing items.
((Your plain brown scales are hard. (AC +5)))
You cannot fit into any form of body armour.
((You are cold-blooded and may be slowed by cold attacks.))


   Skills:
 - Level 1.1 Fighting
 - Level 1.7 Dodging
 + Level 3.8 Unarmed Combat
 + Level 3.0 Spellcasting
 * Level 3.9 Transmutations
 - Level 1.5 Poison Magic


You had 4 spell levels left.
You knew the following spells:

 Your Spells              Type           Power      Damage    Failure   Level
a - Beastly Appendage     Tmut           30%        N/A       12%         1
b - Wereblood             Tmut           15%        N/A       16%         2
c - Spider Form           Tmut/Pois      11%        N/A       38%         3

Your spell library contained the following spells:

 Spells                   Type           Power      Damage    Failure   Level
 Ice Form                 Ice/Tmut       8%         N/A       82%         4

Inventory:

Missiles
 b - 24 stones
 i - 6 atropa-tipped darts
 l - 8 poisoned darts
Jewellery
 w - a ring of magical power
   (You found it on level 4 of the Dungeon)
 R - a ring of resist corrosion (right front leg)
   (You found it on level 1 of the Dungeon)
 W - a ring of magical power (left front leg)
   (You found it on level 1 of the Dungeon)
Wands
 o - a wand of flame (12)
   (You took it off a goblin on level 3 of the Dungeon)
Scrolls
 a - a scroll of teleportation {@r4}
 k - a scroll of enchant weapon {unknown}
 m - 3 scrolls of identify {unknown}
Potions
 c - a potion of mutation {unknown}
 d - a potion of resistance {unknown}
 e - 2 potions of degeneration {unknown}
 f - a potion of heal wounds {unknown}
 g - a potion of curing {unknown}
 h - 2 potions of brilliance {unknown}
 j - a potion of attraction {unknown}
 n - a potion of cancellation {unknown}

Dungeon Overview and Level Annotations

Branches:
Dungeon (4/15) Zot: 21302
 Temple: D:4-7

Altars:
Cheibriados
Dithmenos
Nemelex Xobeh

Annotations:
D:2 1 runed translucent door, Crazy Yiuf

#######
#.....#
#..s..#
#.lS..#
#..KS.#
#...h.#
#.....#
#.....#
#.....#
###........
#........


You could see an iguana (poisoned), a hound, an adder, a ball python and a
kobold.


Message History

Your horns disappear.
Your talons disappear.
There is an open door here.
You see here a +0 dagger.
There is an open door here.
Things that are here:
a +0 dagger; a goblin corpse You see here a ball python corpse.
Things that are here:
a +0 dagger; a goblin corpse Key pressed, stopping explore.
Done exploring. 😎 HP[+6]
Your hp is fully restored (38).
Unknown command.
Done exploring.
Done exploring.
(D) Dungeon
Where to? (Enter - D:3, ? - help)
There is a stone staircase leading down here.
You climb downwards.
There is a stone staircase leading up here.
Okay, then.
w - a ring of magical power
Okay, then.
b - 24 stones (gained 3)
An iguana comes into view.
The iguana hisses angrily.
An iguana is nearby!
An iguana is nearby!
A kobold and a ball python come into view.
The kobold shouts!
Found two stone staircases leading down.
Casting: Beastly Appendage (safe; 3% risk of failure)
Confirm with . or Enter, or press ? or * to list all spells.
The spell is quite dangerous to miscast (19% risk of failure)!
Continue anyway? [Y]es or [N]o only, please.
The spell is quite dangerous to miscast (19% risk of failure)!
Continue anyway?
You turn into a venomous arachnid creature.
The ball python hisses angrily.
An adder comes into view. 😎 MP[-3]
You lost 3 mp, and now have 15/18 mp.
You barely miss the iguana. The iguana barely misses you.
The adder hisses angrily.
You hit the iguana. The iguana misses you.
You hit the iguana.
The iguana is poisoned.
Unknown command.
You hit the iguana but do no damage.
The iguana looks even sicker.
The iguana bites you! 😮 HP[-10]
You take 10 damage, and now have 28/38 hp.
MASSIVE DAMAGE!! (PAUSE)
You hit the iguana. The iguana closely misses you.
A hound comes into view.
The ball python closely misses you. x2
Unknown command.
You barely miss the iguana. The iguana closely misses you.
The kobold hits you with a +0 dagger. 😮 HP[-1] MP[+1]
You take 1 damage, and now have 27/38 hp.
Unknown command.
The hound barks!
You hit the iguana.
Your transformation is almost over.
The iguana barely misses you. The kobold barely misses you.
The adder misses you. The kobold attacks as you move away!
The kobold misses you. The adder barely misses you. 😮 HP[+1]
The iguana attacks as you move away! The iguana misses you.
The adder attacks as you move away! The adder barely misses you.
The ball python completely misses you. The ball python closely misses you.
The adder closely misses you. The iguana attacks as you move away!
The iguana bites you!
The ball python attacks as you move away!
The ball python bites you but does no damage.
The ball python barely misses you. 😮 HP[-7]
You take 7 damage, and now have 21/38 hp.
The adder attacks as you move away! The adder bites you.
* * * LOW HITPOINT WARNING * * *
You are poisoned.
The adder poisons you!
* * * LOW HITPOINT WARNING * * *
You feel very sick. The adder attacks as you move away! The adder bites you.
* * * LOW HITPOINT WARNING * * *
You are lethally poisoned!
The adder poisons you!
* * * LOW HITPOINT WARNING * * *
You feel very sick. 😱 HP[-14] MP[+1]
You take 14 damage, and now have 7/38 hp.
MASSIVE DAMAGE!! (PAUSE)
* * * LOW HITPOINT WARNING * * *
You feel very sick.
There is a stone staircase leading up here. 😱 HP[-4]
You take 4 damage, and now have 3/38 hp.
You die...

Skill      XL: |  1  2  3  4  5 |
---------------+----------------+-----
Transmutations | 3 |  3.9
Poison Magic   | 1 |  1.5
Spellcasting   | 3 |  3.0
Fighting       | |  1.1
Dodging        | |  1.7
Unarmed Combat | |  3.8

Action                   |  1- 3 |  4- 6 || total
-------------------------+-------+-------++-------
Melee: Unarmed           |   113 |    91 ||   204
       Kick              |    13 |     9 ||    22
       Headbutt          |    12 |     2 ||    14
       Tailslap          |    10 |     1 ||    11
       Punch             |     3 |       ||     3
 Cast: Beastly Appendage |    16 |    13 ||    29
       Spider Form       |     2 |     6 ||     8
  Use: Scroll            |     1 |     2 ||     3
       Potion            |     1 |       ||     1
Armor: Skin              |    61 |    18 ||    79
Dodge: Dodged            |   100 |    71 ||   171

Levels and vault maps discovered:
D:1:      reono_arrival_mine, layout_basic, st_stairs_12
D:2:      layout_rooms, corexii_item_surrounded_by_moat, uniq_robin,
          uniq_natasha, uniq_crazy_yiuf_cottage, uniq_terence
D:3:      layout_loops_ring, chequers_temple_overflow_statue_of_worship,
          mainiacjoe_overflow_six_doors_small,
          dreamdust_ecumenical_altar_angels_and_demons
D:4:      layout_gridville, gammafunk_temple_overflow_statue, uniq_pikel

Notes
Turn   | Place    | Note
-------+----------+-------------------------------------------
     0 | D:1      | kae the Draconian Transmuter began the quest for the Orb.
     0 | D:1      | Reached XP level 1. HP: 16/16 MP: 3/3
     0 | D:1      | magus.rc [v1.11.3]
    75 | D:1      | Reached XP level 2. HP: 23/23 MP: 5/5
   836 | D:1      | magus.rc [v1.11.3]
   887 | D:2      | HP: 4/23 [adder (3)]
   890 | D:2      | Reached skill level 3 in Transmutations
   890 | D:2      | Reached XP level 3. HP: 5/28 MP: 6/6
  1047 | D:2      | Noticed Robin
  1083 | D:1      | Learned a level 2 spell: Wereblood
  1087 | D:1      | Learned a level 3 spell: Spider Form
  1102 | D:2      | HP: 6/28 [goblin/+0 dagger[Robin] (6)]
  1114 | D:1      | Killed Robin
  1273 | D:2      | Reached XP level 4. HP: 30/35 MP: 7/7
  1305 | D:2      | Reached skill level 1 in Poison Magic
  1367 | D:2      | Noticed Natasha
  1378 | D:2      | Killed Natasha
  1509 | D:2      | Noticed Terence
  1527 | D:2      | Killed Terence
  1726 | D:2      | Noticed Natasha
  1734 | D:2      | Killed Natasha
  1735 | D:2      | Reached XP level 5. HP: 14/40 MP: 9/9
  1843 | D:2      | Found a runed translucent door.
  1844 | D:2      | Noticed Crazy Yiuf
  2112 | D:3      | Found a sparkling altar of Nemelex Xobeh.
  2113 | D:3      | Found a snail-covered altar of Cheibriados.
  2167 | D:3      | Reached skill level 3 in Spellcasting
  2461 | D:3      | Found a shadowy altar of Dithmenos.
  2526 | D:3      | Found a faded altar of an unknown god.
  2680 | D:4      | HP: 7/38 [poisoned by an adder]
  2681 | D:4      | HP: 3/38 [poisoned by an adder]
  2682 | D:4      | Succumbed to an adder's poison

Vanquished Creatures
  Terence (D:2)
  Natasha (twice) (D:2)
  Robin (D:1)
  2 adders
  3 worms (D:2)
  2 dart slugs (D:1)
  2 orcs (D:3)
  5 endoplasms
  3 giant cockroaches (D:1)
  12 goblins
  6 hobgoblins
  A jackal (D:1)
  A quokka (D:2)
  5 ball pythons
  7 bats
  5 kobolds
  6 rats
64 creatures vanquished.

Vanquished Creatures (others)
  A hobgoblin (D:2)
1 creature vanquished.

Grand Total: 65 creatures vanquished

Table legend:
 A = Non-vault XP
 B = Vault XP
 C = Vault XP percentage of total XP
 D = Non-vault monster count
 E = Vault monster count
 F = Vault count percentage of total count
                 A         B        C        D         E       F
            +---------+---------+-------+---------+---------+-------
      Total |     153 |     107 |  41.2 |      50 |      14 |  21.9
            +---------+---------+-------+---------+---------+-------
        D:1 |      33 |      28 |  45.9 |      19 |       8 |  29.6
        D:2 |      85 |      79 |  48.2 |      18 |       6 |  25.0
        D:3 |      35 |       0 |   0.0 |      13 |       0 |   0.0
            +---------+---------+-------+---------+---------+-------

Illustrated notes

Table legend:
 A = Kills in this place as a percentage of kills in entire the game.
 B = Kills by you in this place as a percentage of kills by you in the entire game.
 C = Kills by friends in this place as a percentage of kills by friends in the entire game.
 D = Other kills in this place as a percentage of other kills in the entire game.
 E = Experience gained in this place as a percentage of experience gained in the entire game.
 F = Experience gained in this place divided by the number of levels of this place that you have seen.
                   A       B       C       D       E      F
               +-------+-------+-------+-------+-------+----------------------
         Total | 100.0 | 100.0 |   N/A |   N/A | 100.0 |  65.0
       Dungeon | 100.0 | 100.0 |   N/A |   N/A | 100.0 |  65.0
               +-------+-------+-------+-------+-------+----------------------

Table legend: (Time is in decaauts)
 A = Elapsed time spent in this place.
 B = Non-inter-level travel time spent in this place.
 C = Inter-level travel time spent in this place.
 D = Time resting spent in this place.
 E = Time spent auto-exploring this place.
 F = Levels seen in this place.
 G = Mean time per level.
                   A        B        C        D        E       F      G
               +--------+--------+--------+--------+--------+-----+--------+
         Total |   2697 |   2637 |     60 |    206 |   1922 |   4 |  674.2 |
       Dungeon |   2697 |   2637 |     60 |    206 |   1922 |   4 |  674.2 |
               +--------+--------+--------+--------+--------+-----+--------+

Top non-repeatable levels by time:
     D:1: 1084 daAuts
     D:2: 797 daAuts
     D:3: 791 daAuts
     D:4: 23 daAuts
